 Dungeon Crawl Stone Soup version 0.26-a0-665-gefeb406119 (webtiles) character file.

Game seed: 10229524540065429135

592 ragingrage the Magician (level 7, -1/52 HPs)
             Began as a Gnoll Wanderer on Oct 2, 2020.
             Killed by divine providence
             ... invoked by an orc priest
              (10 damage)
             ... on level 5 of the Dungeon on Oct 13, 2020.
             The game lasted 00:06:01 (5726 turns).

ragingrage the Magician (Gnoll Wanderer)            Turns: 5726, Time: 00:06:02

Health: -1/52      AC: 12    Str: 17    XL:     7   Next: 39%
Magic:  18/18      EV: 10    Int: 17    God:
Gold:   105        SH:  0    Dex: 11    Spells: 21/21 levels left

rFire    . . .     SeeInvis .   e - +2 dagger (venom)
rCold    . . .     Faith    .   (no shield)
rNeg     + . .     Spirit   .   w - +2 scale mail {MR+}
rPois    .         Reflect  .   f - +1 hat
rElec    .         Harm     .   B - +1 cloak {Stlth+}
rCorr    .         Rampage  .   (no gloves)
MR       ++...                  (no boots)
Stlth    +.........             (no amulet)
HPRegen  0.17/turn              c - ring of positive energy
MPRegen  0.16/turn              l - ring of protection from magic

@: no status effects
A: distributed training, fangs 1, strong nose
a: no special abilities


You were on level 5 of the Dungeon.
You visited 1 branch of the dungeon, and saw 6 of its levels.

You collected 240 gold pieces.
You spent 135 gold pieces at shops.

Inventory:

Hand Weapons
 e - a +2 dagger of venom (weapon)
Missiles
 m - 8 datura-tipped darts (quivered)
Armour
 f - a +1 hat (worn)
 w - a +2 scale mail of magic resistance (worn)
 B - a +1 cloak of stealth (worn)
Jewellery
 c - a ring of positive energy (left hand)
 l - a ring of protection from magic (right hand)
 n - an uncursed ring of magical power
 o - an uncursed ring of poison resistance
 p - a +6 ring of intelligence
Wands
 u - a wand of flame (10)
 y - a wand of polymorph (9)
Scrolls
 d - 3 scrolls of blinking {unknown}
 g - 2 scrolls of teleportation {unknown}
 h - a scroll of identify
 i - 4 scrolls of remove curse
 q - 2 scrolls of magic mapping {unknown}
 r - 3 scrolls of amnesia {unknown}
 x - 3 scrolls of fog {unknown}
 z - 3 scrolls of random uselessness {unknown}
Potions
 a - 3 potions of resistance {unknown}
 b - 4 potions of curing {unknown}
 j - a potion of invisibility
 k - 2 potions of berserk rage {unknown}
 s - a potion of flight {unknown}
 t - a potion of heal wounds
 v - a potion of lignification {unknown}
 A - a potion of haste {unknown}


   Skills:
 + Level 3.6 Fighting
 + Level 2.4 Short Blades
 + Level 2.4 Long Blades
 + Level 2.4 Axes
 + Level 2.4 Maces & Flails
 + Level 2.4 Polearms
 + Level 2.4 Staves
 + Level 2.4 Slings
 + Level 2.4 Bows
 + Level 2.4 Crossbows
 + Level 2.4 Throwing
 + Level 5.2 Armour
 + Level 2.4 Dodging
 + Level 3.4 Stealth
 + Level 3.6 Shields
 + Level 2.4 Unarmed Combat
 + Level 7.6 Spellcasting
 + Level 2.0 Conjurations
 + Level 2.0 Hexes
 + Level 2.0 Summonings
 + Level 2.0 Necromancy
 + Level 2.0 Translocations
 + Level 4.3 Transmutations
 + Level 2.0 Fire Magic
 + Level 2.0 Ice Magic
 + Level 2.0 Air Magic
 + Level 2.0 Earth Magic
 + Level 2.0 Poison Magic
 + Level 2.7 Invocations
 + Level 2.4 Evocations


You had 21 spell levels left.
You didn't know any spells.
Your spell library contained the following spells:

 Spells                   Type           Power        Failure   Level
 Sting                    Tmut/Pois      ###.         9%          1
 Animate Skeleton         Necr           ##....       14%         1
 Apportation              Tloc           ##....       14%         1
 Corona                   Hex            ##.....      14%         1
 Magic Dart               Conj           ##..         14%         1
 Summon Small Mammal      Summ           ##..         14%         1
 Blink                    Tloc           N/A          22%         2
 Call Imp                 Summ           ##......     22%         2
 Slow                     Hex            ##......     22%         2
 Spider Form              Tmut/Pois      ###.......   26%         3
 Conjure Flame            Conj/Fire      ##......     41%         3
 Mephitic Cloud           Conj/Pois/Air  ##......     41%         3


Dungeon Overview and Level Annotations

Branches:
Dungeon (6/15)
 Temple: D:4-7

Altars:
Elyvilon
Gozag
Kikubaaqudgha
Uskayaw
Wu Jian
The Shining One

Shops:
D:5 [

Annotations:
D:4 Menkaure


Innate Abilities, Weirdness & Mutations

Your experience applies equally to all skills.
You have very sharp teeth.
Your uncanny sense of smell can sniff out nearby items.


Message History

You completely miss the orc priest.
The orc priest is almost dead.
The orc priest hits you with a +0 morningstar.
The orc closely misses you.
The orc wizard hits you but does no damage.
You kill the orc wizard!
The orc hits you with a +0 war axe!
* * * LOW HITPOINT WARNING * * *
There is a stone staircase leading up here.
The orc priest hits you but does no damage.
The orc misses you.
You climb upwards.
There is a stone staircase leading down here.
Unknown command.
You hit the orc priest but do no damage.
The orc priest looks as sick as possible!
The orc priest is almost dead.
The orc priest calls down the wrath of Beogh upon you.
Beogh smites you!
You die...

#'#.#####.#.#.#....##############
..'.#.....#.#.#....# #
..#########.#......### # ..'.#
#......#...# # #'#'# ####...#.#.#
# #.#.###########..#.#.# #
#####............#<#.# #
....##########.oo###.# #
........# #..@....# # ........#
######### # ........# # #########
# # # # # #


You could see an orc priest (extremely poisoned) and an orc.

Vanquished Creatures
  A sky beast (D:5)
  A centaur (D:5)
  A human zombie (D:5)
  2 orc wizards
  A bullfrog skeleton (D:5)
  A jelly (D:5)
  Ijyb (D:3)
  An iguana (D:5)
  A human skeleton (D:5)
  10 adders
  A shadow imp (D:5)
  A worm (D:2)
  2 dart slugs
  3 leopard geckos
  13 orcs
  2 ball pythons (D:2)
  A giant cockroach (D:3)
  6 goblins
  7 hobgoblins
  5 jackals
  6 kobolds
  2 quokkas
  10 bats
  5 frilled lizards
  A jackal zombie (D:5)
  3 orc skeletons (D:5)
  An orc zombie (D:5)
  A quokka skeleton (D:5)
  10 rats
100 creatures vanquished.

Notes
Turn   | Place    | Note
-------+----------+-------------------------------------------
     0 | D:1      | ragingrage the Gnoll Wanderer began the quest for the Orb.
     0 | D:1      | ragingrage set off with the following items: a +0 spear, a
                  | +0 robe; and the following spells available to memorise:
                  | Sting, Magic Dart, Spider Form, Blink, Call Imp, Slow,
                  | Conjure Flame, Mephitic Cloud
     0 | D:1      | Reached XP level 1. HP: 17/17 MP: 8/8
   206 | D:1      | Reached XP level 2. HP: 23/23 MP: 10/10
   786 | D:2      | Reached XP level 3. HP: 15/28 MP: 11/11
  1416 | D:2      | Reached skill level 1 in Invocations
  1620 | D:2      | Reached skill level 1 in Short Blades
  1620 | D:2      | Reached skill level 1 in Long Blades
  1620 | D:2      | Reached skill level 1 in Axes
  1620 | D:2      | Reached skill level 1 in Maces & Flails
  1620 | D:2      | Reached skill level 1 in Polearms
  1620 | D:2      | Reached skill level 1 in Staves
  1620 | D:2      | Reached skill level 1 in Slings
  1620 | D:2      | Reached skill level 1 in Bows
  1620 | D:2      | Reached skill level 1 in Crossbows
  1620 | D:2      | Reached skill level 1 in Throwing
  1620 | D:2      | Reached skill level 1 in Dodging
  1620 | D:2      | Reached skill level 1 in Unarmed Combat
  1620 | D:2      | Reached skill level 1 in Evocations
  1620 | D:2      | Reached XP level 4. HP: 32/34 MP: 13/13
  2062 | D:2      | Reached skill level 1 in Conjurations
  2062 | D:2      | Reached skill level 1 in Hexes
  2062 | D:2      | Reached skill level 1 in Summonings
  2062 | D:2      | Reached skill level 1 in Necromancy
  2062 | D:2      | Reached skill level 1 in Translocations
  2062 | D:2      | Reached skill level 1 in Fire Magic
  2062 | D:2      | Reached skill level 1 in Ice Magic
  2062 | D:2      | Reached skill level 1 in Air Magic
  2062 | D:2      | Reached skill level 1 in Earth Magic
  2062 | D:2      | Reached skill level 1 in Poison Magic
  2318 | D:2      | Reached XP level 5. HP: 30/40 MP: 14/14
  3066 | D:3      | Upgraded the game from 0.26-a0-652-gafc20e3620 to
                  | 0.26-a0-663-g36e8fdb655
  3132 | D:3      | Noticed Ijyb
  3150 | D:3      | Killed Ijyb
  3806 | D:4      | Found a glowing golden altar of the Shining One.
  3831 | D:4      | Found an ornate altar of the Wu Jian Council.
  3837 | D:4      | Noticed Menkaure
  3838 | D:4      | Found an opulent altar of Gozag.
  4156 | D:5      | Entered Level 5 of the Dungeon
  4168 | D:5      | Noticed a centaur
  4177 | D:5      | Killed a centaur
  4177 | D:5      | Reached skill level 5 in Armour
  4177 | D:5      | Reached XP level 6. HP: 44/47 MP: 16/16
  4279 | D:5      | Noticed a sky beast
  4303 | D:5      | Killed a sky beast
  4482 | D:5      | Found an ancient bone altar of Kikubaaqudgha.
  4502 | D:5      | Reached XP level 7. HP: 52/52 MP: 18/18
  5348 | D:5      | Found a hide-covered altar of Uskayaw.
  5450 | D:5      | Noticed a +0 dagger
  5450 | D:5      | Noticed a +0 dagger
  5454 | D:5      | Found Foygirch's Antique Armour Shop.
  5457 | D:5      | Bought a glowing cloak for 135 gold pieces
  5514 | D:5      | Upgraded the game from 0.26-a0-663-g36e8fdb655 to
                  | 0.26-a0-665-gefeb406119
  5709 | D:6      | Found a white marble altar of Elyvilon.
  5726 | D:5      | Killed from afar by an orc priest

Illustrated notes

Levels and vault maps discovered:
D:1:      dpeg_arrival_tiny_c, layout_rooms
D:2:      minmay_thinvault, layout_loops_ring
D:3:      layout_loops_cross, kennysheep_big_empty_room, minmay_starry_boxes,
          uniq_ijyb
D:4:      layout_cave_pools, nicolae_overflow_quartered_altars,
          ebering_ghost_inner_flame, uniq_menkaure
D:5:      layout_basic, dancing_weapons_uskayaw, lemuel_doored_altar,
          nicolae_ossuary_entry_catacombs, serial_shops, kennysheep_mini
D:6:      kennysheep_housing_project, layout_rooms, basic_altar

Skill      XL: |  1  2  3  4  5  6  7 |
---------------+----------------------+-----
Invocations    | 1 2 |  2.7
Short Blades   | 1 2 |  2.4
Long Blades    | 1 2 |  2.4
Axes           | 1 2 |  2.4
Maces & Flails | 1 2 |  2.4
Polearms       | 1 2 |  2.4
Staves         | 1 2 |  2.4
Slings         | 1 2 |  2.4
Bows           | 1 2 |  2.4
Crossbows      | 1 2 |  2.4
Throwing       | 1 2 |  2.4
Dodging        | 1 2 |  2.4
Unarmed Combat | 1 2 |  2.4
Evocations     | 1 2 |  2.4
Conjurations   | 1 2 |  2.0
Hexes          | 1 2 |  2.0
Summonings     | 1 2 |  2.0
Necromancy     | 1 2 |  2.0
Translocations | 1 2 |  2.0
Fire Magic     | 1 2 |  2.0
Ice Magic      | 1 2 |  2.0
Air Magic      | 1 2 |  2.0
Earth Magic    | 1 2 |  2.0
Poison Magic   | 1 2 |  2.0
Fighting       | 3 |  3.6
Shields        | 3 |  3.6
Transmutations | 4 |  4.3
Armour         | 5 |  5.2
Stealth        | 3 |  3.4
Spellcasting   | |  7.6

Action                   |  1- 3 |  4- 6 |  7- 9 || total
-------------------------+-------+-------+-------++-------
Melee: Dagger            |    78 |   215 |   120 ||   413
       Spear             |     7 |       |       ||     7
       Bite              |     5 |    18 |    11 ||    34
       Punch             |       |     1 |     3 ||     4
  Use: Scroll            |       |     2 |       ||     2
 Stab: Sleeping          |     4 |     2 |       ||     6
Armor: Robe              |    20 |    33 |       ||    53
       Scale mail        |       |    45 |    51 ||    96
Dodge: Dodged            |    33 |   136 |    45 ||   214

Table legend: (Time is in decaauts)
 A = Elapsed time spent in this place.
 B = Non-inter-level travel time spent in this place.
 C = Inter-level travel time spent in this place.
 D = Time resting spent in this place.
 E = Time spent auto-exploring this place.
 F = Levels seen in this place.
 G = Mean time per level.
                   A        B        C        D        E       F      G
               +--------+--------+--------+--------+--------+-----+--------+
         Total |   5689 |   5570 |    119 |   1396 |   3234 |   6 |  948.2 |
       Dungeon |   5689 |   5570 |    119 |   1396 |   3234 |   6 |  948.2 |
               +--------+--------+--------+--------+--------+-----+--------+

Top non-repeatable levels by time:
     D:2: 2129 daAuts
     D:5: 1525 daAuts
     D:3: 1239 daAuts
     D:1: 395 daAuts
     D:4: 373 daAuts
     D:6: 27 daAuts
